 Dungeon Crawl Stone Soup version 0.17-a0-1596-g1e86911 (webtiles) character file.

175 urechis the Cudgeler (level 5, -1/55 HPs)
             Began as an Ogre Gladiator on July 31, 2015.
             Slain by Terence
             ... wielding a +0 flail
              (9 damage)
             ... on level 3 of the Dungeon.
             The game lasted 00:02:03 (2185 turns).

urechis the Cudgeler (Ogre Gladiator)               Turns: 2185, Time: 00:02:03

Health: -1/55      AC:  3    Str: 21    XL:     5   Next: 55%
Magic:  5/5        EV: 10    Int:  7    God:
Gold:   76         SH:  0    Dex: 10    Spells: 0 memorised, 4 levels left

rFire  . . .     SeeInvis .     a - +0 flail
rCold  . . .     Clarity  .     b - +0 robe
rNeg   . . .     SustAt   .     (no shield)
rPois  .         Gourm    .     c - +0 hat
rElec  .         Spirit   .     (no cloak)
rCorr  .         Warding  .     (gloves unavailable)
rMut   .         Stasis   .     (boots unavailable)
MR     .....                    (no amulet)
Stlth  +.........               (no ring)
                                g - ring of flight

@: lethally poisoned (-1 -> -2), not resistant to hostile enchantments, very
unstealthy
A: unfitting armour, tough skin 1
a: Evoke Flight


You were on level 3 of the Dungeon.
You were very hungry.

You visited 1 branch of the dungeon, and saw 3 of its levels.

You collected 76 gold pieces.

Inventory:

Hand weapons
 a - a +0 flail (weapon)
Missiles
 d - 3 throwing nets (quivered)
 i - 8 tomahawks
 o - 6 needles of paralysis
Armour
 b - a +0 robe (worn)
 c - a +0 hat (worn)
Jewellery
 g - a ring of flight (left hand)
Scrolls
 f - a scroll of teleportation {unknown}
 j - a scroll of noise {unknown}
 l - a scroll of magic mapping {unknown}
 m - a scroll of identify {unknown}
 n - a scroll of blinking {unknown}
 p - a scroll of fear {unknown}
Potions
 k - a potion of degeneration {unknown}
 r - a potion of mutation {unknown}
 s - a potion of brilliance {unknown}
Comestibles
 e - a bread ration
 h - a beef jerky
 q - 3 fruits


   Skills:
 + Level 4.6 Fighting
 * Level 7.0 Maces & Flails
 - Level 2.1 Throwing
 - Level 2.6 Dodging


You had 4 spell levels left.
You didn't know any spells.

Dungeon Overview and Level Annotations

Branches:
Dungeon (3/15)

Altars:
Qazlal

Annotations:
D:3 Terence


Innate Abilities, Weirdness & Mutations

You are too large for most types of armour.
You have tough skin (AC +1).


Message History

Natasha is almost dead.
Terence hits you with a flail.
* * * LOW HITPOINT WARNING * * *
The adder bites you.
* * * LOW HITPOINT WARNING * * *
Natasha claws you but does no damage.
You closely miss Natasha.
Natasha is almost dead.
The adder closely misses you. Terence barely misses you. Natasha misses you.
You hit Natasha.
You kill Natasha!
Natasha screams in pain as she dies!
Your Maces & Flails skill increases to level 7!
You feel sick.
The crimson imp disappears in a puff of smoke!
The adder bites you.
* * * LOW HITPOINT WARNING * * *
Terence says, "Don't bother to defend, it's senseless."
Terence hits you with a flail!
You die...

.. ## .# # #. #.# # #..
#.. #.$ ...# #.
#..###.#.# #.#
#......#.# #..#
#..@S.##.# ###.###
#@.##.# #§...§###
.....§†#..#.###.....#.##
.......$#.#.#...._......
........#...#.#.....#..#
.......####..)#§...§#..#
#.....##......###†###...
###### #..........# ...#
#.........###.###
#>.......## #.


You could see Terence and an adder.

Vanquished Creatures
  An orc priest (D:3)
  Natasha (D:3)
  6 adders
  2 oozes
  A worm (D:2)
  4 giant geckos
  4 orcs (D:3)
  6 bats
  2 giant cockroaches (D:1)
  3 goblins (D:1)
  4 hobgoblins
  2 jackals (D:3)
  6 kobolds
  A ball python (D:1)
  2 giant newts (D:2)
  5 rats
50 creatures vanquished.

Notes
Turn   | Place    | Note
--------------------------------------------------------------
     0 | D:1      | urechis the Ogre Gladiator began the quest for the Orb.
     0 | D:1      | Reached XP level 1. HP: 22/22 MP: 1/1
    65 | D:1      | Reached XP level 2. HP: 12/31 MP: 2/2
   407 | D:1      | Reached skill level 5 in Maces & Flails
   425 | D:1      | Reached XP level 3. HP: 11/37 MP: 3/3
  1152 | D:2      | Reached XP level 4. HP: 39/48 MP: 4/4
  1287 | D:2      | Reached skill level 6 in Maces & Flails
  1886 | D:3      | Found a faded altar to an unknown god.
  1907 | D:3      | Reached XP level 5. HP: 28/55 MP: 5/5
  2147 | D:3      | Found a stormy altar of Qazlal.
  2172 | D:3      | Noticed Natasha
  2173 | D:3      | Noticed Terence
  2185 | D:3      | Killed Natasha
  2185 | D:3      | Reached skill level 7 in Maces & Flails
  2185 | D:3      | Slain by Terence

Vault maps used:
D:1:      scummos_arrival_forest
D:3:      ecumenical_altar_1, grunt_qazlal_clouds, uniq_natasha, uniq_terence

Action                   |  1- 3 |  4- 6 || total
-------------------------+-------+-------++-------
Melee: Flail             |    90 |    98 ||   188
 Stab: Sleeping          |       |     1 ||     1
  Eat: Chunk             |       |     3 ||     3
